Cogmind - Beta 16.1 @@@ ROGUE MODE // 2026.04.03 @ 04:55:16 Player: daxter767676 Result: Destroyed by Y-64 Sentinel with Wave Gun Performance ------------- Evolutions (6) 3000 Regions Visited (8) 1600 Robots Destroyed (27) 135 Value Destroyed (949) 949 Prototype IDs (10) 200 Alien Tech Used (0) 0 Bonus (800) 800 TOTAL SCORE: 6684 Bonus ------- Registered with UFD 300 Met Optimus in HQ 500 Cogmind --------- Core Integrity 0/1150 Matter 11/300 Energy 4/100 System Corruption 8% Temperature Cool (13) Movement Flying (34) Location -4/Armory Parts ------- > --- POWER (2) -------- (None) > --- PROPULSION (4) --- Cesium-ion Thruster Cooled Field Propulsion Drive > --- UTILITY (9) ------ Visual Processing Unit Improved Terrain Scan Processor Advanced Terrain Scan Processor Advanced Terrain Scan Processor Hacking Suite > --- WEAPON (4) ------- (None) > --- INVENTORY (5) ---- Makeshift Kinetic Plating Drone Bay (2/2) High-powered Shock Rifle Molecular Deconstructor Peak State ------------ > --- POWER ------------ Light Nuclear Core > --- PROPULSION ------- VTOL Module VTOL Module VTOL Module Cooled Field Propulsion Drive > --- UTILITY ---------- Advanced Cryofiber Web Visual Processing Unit Improved Terrain Scan Processor Advanced Terrain Scan Processor Advanced Terrain Scan Processor Improved Reaction Control System Hacking Suite Experimental System Shield > --- WEAPON ----------- Autogun Datajack Molecular Deconstructor > --- INVENTORY -------- Makeshift Kinetic Plating Drone Bay High-powered Shock Rifle [Rating: 75] Favorites ----------- Power Light Ion Engine Engine Light Ion Engine Power Core Light Nuclear Core Propulsion Wheel Leg Flexi-carbon Leg Wheel Wheel Hover Unit Antigrav System Flight Unit Xenon Bombardment Thruster Utility Visual Processing Unit Device Advanced Weight Redist. System Storage Small Storage Unit Processor Visual Processing Unit Hackware Improved System Shield Protection Core Shielding Weapon Power Sword Energy Gun Small Laser Energy Cannon Phase Cannon Ballistic Gun Assault Rifle Ballistic Cannon Gauss Cannon Launcher Tesla Bomb Launcher Special Weapon Improved Remote Datajack Slashing Weapon Power Sword Piercing Weapon Spear Special Melee Weapon Datajack Build | -11 -10 -10 -7 -5 -5 -5 -4 -4 ------- Run | Yrd Mat Sub Scr Fac Upp Upp Fac Arm Slots Evolved 12 | . . . . 10 . . 2 . Power 1 | . . . . 1 . . . . Propulsion 2 | . . . . 2 . . . . Utility 7 | . . . . 6 . . 1 . Weapon 2 | . . . . 1 . . 1 . Parts Attached 89 | 3 2 2 16 17 6 8 27 8 Power 10 | . . . 2 1 1 2 4 . Engine 6 | . . . 2 1 1 2 . . Core 4 | . . . . . . . 4 . Reactor . | . . . . . . . . . Propulsion 33 | 2 1 1 6 4 2 3 11 3 Treads . | . . . . . . . . . Leg 4 | . . . . 1 . 2 1 . Wheel 6 | 2 1 1 2 . . . . . Hover 9 | . . . . 1 2 . 5 1 Flight 14 | . . . 4 2 . 1 5 2 Utility 23 | 1 1 . 3 8 2 1 4 3 Device 9 | 1 . . 2 1 1 1 2 1 Storage 2 | . . . 1 1 . . . . Processor 8 | . 1 . . 5 . . 2 . Hackware 3 | . . . . 1 . . . 2 Protection 1 | . . . . . 1 . . . Artifact . | . . . . . . . . . Weapon 23 | . . 1 5 4 1 2 8 2 Energy Gun 5 | . . . . . 1 2 2 . Energy Cannon 1 | . . . 1 . . . . . Ballistic Gun 5 | . . 1 . . . . 4 . Ballistic Cannon 1 | . . . 1 . . . . . Launcher 2 | . . . . . . . 1 1 Special Weapon 2 | . . . . 1 . . 1 . Impact Weapon . | . . . . . . . . . Slashing Weapon 5 | . . . 2 3 . . . . Piercing Weapon 1 | . . . 1 . . . . . Special Melee Weapon 1 | . . . . . . . . 1 Unidentified Prototypes 4 | . . . . . . . 1 3 Parts Lost 47 | . . . . 14 1 6 21 5 Power 8 | . . . . 1 . 1 5 1 Propulsion 15 | . . . . 7 . 2 5 1 Utility 11 | . . . . 3 . 3 4 1 Weapon 13 | . . . . 3 1 . 7 2 Highest Loss Streak 15 | . . . . 6 1 7 15 3 To Critical Strikes . | . . . . . . . . . Average Backups 6 | 6 8 8 9 7 4 3 3 4 Power 1 | 1 2 2 . 2 1 . . . Propulsion 1 | 4 3 2 1 . . . . . Utility 2 | . 1 1 4 1 1 2 2 2 Weapon 1 | 1 1 2 2 2 1 1 1 2 Tool/Special . | . . . . . . . . . Unused Backups 22 | . 5 2 9 4 . 1 . 1 Power 7 | . 1 . 2 3 . 1 . . Propulsion 3 | . 1 1 1 . . . . . Utility 4 | . 1 1 1 . . . . 1 Weapon 7 | . 2 . 4 1 . . . . Tool/Special 1 | . . . 1 . . . . . Average Slot Usage (%) 79 | . 100 99 95 72 42 59 50 66 Engine 9 | . 14 14 14 4 3 5 2 . Wheel 11 | . 28 27 17 . . . . . Hover 1 | . . . . . 4 1 7 . Flight 5 | . . . 6 12 . 1 6 16 Device 4 | . 8 . 3 6 5 3 3 6 Storage 6 | . 14 14 10 4 . . . . Processor 15 | . 5 14 14 19 17 17 14 21 Hackware 1 | . . . . 4 5 5 1 5 Energy Gun 3 | . 14 14 . . . 8 4 . Energy Cannon 1 | . . . 3 . . . . . Ballistic Gun 4 | . 14 14 4 . . . 3 4 Ballistic Cannon 2 | . . . 6 . . . . . Slashing Weapon 3 | . . . 4 11 2 5 1 . Piercing Weapon 3 | . . . 8 1 . . . . Peak Build Rating 75 | 9 9 12 28 65 51 55 70 75 Average Rating 27 | 6 9 9 20 54 31 42 39 41 On Entrance 24 | 6 9 9 12 28 21 46 55 38 Avg Prop Armor Cover (%) 4 | 9 . 5 4 10 . 2 3 6 Naked Turns . | . . . . . . . . . Heaviest Build 40 | 12 12 12 40 35 19 31 31 18 Greatest Support 46 | 20 20 20 35 32 23 35 46 19 Greatest Overweight (x) 10 | 1 . 1 10 1 1 1 3 . Average Overweight (x) . | . . . . . . . . . Largest Inventory Capacity 15 | 8 8 8 15 15 5 5 5 5 Average Capacity 8 | 8 8 8 10 8 5 5 5 5 Most Carried 15 | 8 8 8 15 15 5 5 5 5 Average Carried 7 | 6 7 7 9 7 4 3 4 4 Final Capacity 15 | 8 8 8 15 5 5 5 5 5 Final Carried 15 | 8 8 8 15 5 4 5 5 5 Class Distribution -------------------- 53% | Mutant 22% | Derelict-Mutant 8% | Scavenger-Sprinter 5% | Scavenger-Mutant 5% | Derelict-Scout 3% | Gladiator Dominant Class ---------------- Mutant | -10/Materials Mutant | -10/Subcaves Derelict-Mutant | -7/Scraptown Derelict-Scout | -5/Factory Mutant | -5/Upper Caves Scavenger-Mutant | -5/Upper Caves Mutant | -4/Factory Scavenger-Sprinter | -4/Armory Resources | -11 -10 -10 -7 -5 -5 -5 -4 -4 ----------- Run | Yrd Mat Sub Scr Fac Upp Upp Fac Arm Matter Collected 1150 | 239 53 62 100 93 251 80 252 20 Remotely . | . . . . . . . . . Salvage Created 1220 | 124 61 . . 172 88 422 333 20 Parts 65 | 7 11 . . 8 3 10 22 4 Haulers Intercepted 1 | . . . . 1 . . . . Recyclers Shooed 1 | 1 . . . . . . . . Parts Field Recycled . | . . . . . . . . . Retrieved Matter . | . . . . . . . . . Parts Self-Destructed 17 | . . 5 . . 3 9 . . Prevented . | . . . . . . . . . Parts Restored . | . . . . . . . . . Kills | -11 -10 -10 -7 -5 -5 -5 -4 -4 ------- Run | Yrd Mat Sub Scr Fac Upp Upp Fac Arm Combat Hostiles Destroyed 20 | . 2 . . 2 1 3 12 . Melee 5 | . . . . 2 1 1 1 . Guns 9 | . 2 . . . . 2 5 . AOE 6 | . . . . . . . 6 . Classes Destroyed 10 | 2 3 . . 2 1 1 . 1 Worker 1 | . 1 . . . . . . . Tunneler 2 | 2 . . . . . . . . Hauler 1 | . . . . 1 . . . . Recycler 1 | 1 . . . . . . . . Operator 1 | . . . . . . . . 1 Watcher 1 | . 1 . . . . . . . Swarmer 11 | . 2 . . . . . 9 . Grunt 4 | . . . . . . 3 1 . Sentry 1 | . . . . . 1 . . . Programmer 4 | . . . . 2 . . 2 . Best Kill Streak 4 | 2 2 . . 2 1 1 4 1 Combat Bots Only 4 | . 1 . . 2 1 1 4 . Max Kills in Single Turn 4 | 1 1 . . 1 1 1 4 1 Gunslinging . | . . . . . . . . . Exploded 4 | . . . . . . . 4 . Melee 1 | . . . . 1 1 1 1 . Uniques/NPCs Destroyed . | . . . . . . . . . Combat | -11 -10 -10 -7 -5 -5 -5 -4 -4 -------- Run | Yrd Mat Sub Scr Fac Upp Upp Fac Arm Hostile Shots Fired 384 | . 11 3 . 82 25 31 175 57 Missed 148 | . 2 . . 38 14 7 46 41 Hits 236 | . 9 3 . 44 11 24 129 16 Melee 2 | . . . . . . . . 2 Projectile 234 | . 9 3 . 44 11 24 129 14 AOE 4 | . . . . 4 . . . . Critical Strikes 13 | . . . . 2 . 3 8 . Part Disruptions 1 | . . . . . . . 1 . Damage Taken 4564 | . 63 61 . 1178 179 463 2345 275 Core 1787 | . 16 . . 372 45 192 1016 146 Absorbed by Shields . | . . . . . . . . . Redirected to Shielding 28 | . . . . . 5 23 . . Regen/Repaired (Parts) 117 | . . . 117 . . . . . Core Remaining (%) 77 | 100 . . 93 . . 39 . . Volleys Fired 104 | 15 9 4 . 2 6 21 41 6 Largest 2 | 2 2 2 . 1 1 2 2 2 Hottest 138 | 60 60 60 . 7 85 138 138 83 Shots Fired 164 | 30 18 8 . 2 6 36 54 10 Gun 159 | 30 18 8 . . 6 36 53 8 Cannon . | . . . . . . . . . Launcher 1 | . . . . . . . 1 . Special 4 | . . . . 2 . . . 2 Kinetic 70 | 15 9 4 . . . . 38 4 Thermal 82 | 15 9 4 . . 6 36 12 . Explosive 1 | . . . . . . . 1 . Electromagnetic 7 | . . . . . . . 3 4 Robot Hit Streak 10 | 5 2 5 . 5 4 6 10 1 Robot Miss Streak 5 | 2 5 1 . . 1 3 2 1 Penetration Max . | . . . . . . . . . Secondary Targets . | . . . . . . . . . Shots Hit Robots 127 | 18 6 7 . 12 6 32 41 5 Core Hits 53 | 4 4 1 . 3 2 14 24 1 Critical Kills 1 | . . . . . . . . 1 Critical Parts Destroyed . | . . . . . . . . . Critical Strikes 5 | . . . . 1 2 1 . 1 Burn 2 | . . . . . 2 . . . Destroy 1 | . . . . . . . . 1 Sever 2 | . . . . 1 . 1 . . Melee Attacks 38 | . . . . 22 2 10 1 3 Impact . | . . . . . . . . . Slashing 35 | . . . . 22 2 10 1 . Piercing . | . . . . . . . . . Sneak Attacks 1 | . . . . 1 . . . . Combat Hostiles . | . . . . . . . . . Follow-up Attacks 2 | . . . . 2 . . . . Damage Inflicted 2887 | 216 84 80 . 464 159 787 1056 41 Guns 1605 | 216 84 80 . . 76 440 668 41 Cannons . | . . . . . . . . . Explosions 340 | . . . . . . . 340 . Melee 942 | . . . . 464 83 347 48 . Ramming . | . . . . . . . . . Kinetic 662 | 104 27 47 . . . . 443 41 Thermal 944 | 112 57 33 . . 76 440 226 . Explosive 269 | . . . . . . . 269 . Electromagnetic 70 | . . . . . . . 70 . Impact . | . . . . . . . . . Slashing 942 | . . . . 464 83 347 48 . Piercing . | . . . . . . . . . Highest Corruption 8 | . . . . 3 3 3 8 8 Average Corruption 4 | . . . . 1 3 3 7 8 Corruption Purged . | . . . . . . . . . Corruption Blocked . | . . . . . . . . . Effects 23 | . . . . . 3 4 10 6 Message Errors 2 | . . . . . 1 . 1 . Matter Fused 9 | . . . . . . . 6 3 Heat Flow Errors 3 | . . . . . 1 2 . . Energy Discharges 2 | . . . . . 1 . . 1 Parts Rejected 1 | . . . . . . . 1 . Data Loss (minor) 3 | . . . . . . . 1 2 Data Loss (major) 2 | . . . . . . 1 1 . Alerts 1 | . . . . . . 1 . . Overload Shots . | . . . . . . . . . Overflow Damage 87 | . . . . 35 . 24 28 . Projectiles . | . . . . . . . . . Explosions 28 | . . . . . . . 28 . Melee 59 | . . . . 35 . 24 . . Knockbacks . | . . . . . . . . . Impact . | . . . . . . . . . Kinetic . | . . . . . . . . . Secondary . | . . . . . . . . . Self-Inflicted Damage 63 | . . . . . . . 63 . Shots 1 | . . . . . . . 1 . Rammed . | . . . . . . . . . Targets Rammed . | . . . . . . . . . Kicked . | . . . . . . . . . Crushed . | . . . . . . . . . Highest Temperature 279 | . . . . . 91 279 113 30 Average Temperature 68 | . . . . . 40 93 49 18 Received Heat Transfer 643 | . . . . 162 33 216 172 60 Effects 1 | . . . . . . 1 . . Energy Bleed 1 | . . . . . . 1 . . Siege Activations . | . . . . . . . . . Martial Activations . | . . . . . . . . . Shielding Activations . | . . . . . . . . . Robots Disrupted . | . . . . . . . . . Combat Hostiles . | . . . . . . . . . Robots Corrupted . | . . . . . . . . . Combat Hostiles . | . . . . . . . . . Parts Fried . | . . . . . . . . . Impact Corruptions . | . . . . . . . . . Robots Melted . | . . . . . . . . . Combat Hostiles . | . . . . . . . . . Parts Melted 1 | . . . . . . 1 . . Heat Transferred 2010 | 250 125 75 . . 400 851 309 . Parts Sabotaged 7 | . . . . . . . . 7 Parts Stolen . | . . . . . . . . . Parts Stripped . | . . . . . . . . . Power Chain Reactions 1 | . . . . . . . 1 . Alert | -11 -10 -10 -7 -5 -5 -5 -4 -4 ------- Run | Yrd Mat Sub Scr Fac Upp Upp Fac Arm Maximum Alert Level . | . . . . . . . . . Low Security (%) 100 | 100 100 . . 100 . . 100 100 Level 1 . | . . . . . . . . . Level 2 . | . . . . . . . . . Level 3 . | . . . . . . . . . Level 4 . | . . . . . . . . . Level 5 . | . . . . . . . . . High Security . | . . . . . . . . . Max Security . | . . . . . . . . . Peak Influence 126 | 5 43 . . 94 . . 126 39 Initial 4 | . . . . . . . . 4 Average 26 | 1 14 . . 34 . . 43 8 Influence Increases 876 | 15 78 . . 223 20 115 351 74 Destroy 0b10 Robot/C 400 | . 40 . . 40 20 60 240 . Destroy 0b10 Robot/NC 50 | 15 10 . . 5 . 15 . 5 Destroy Leader 54 | . 2 . . 12 . 10 30 . Successful Hack 63 | . 25 . . . . . 14 24 Disable Machine 60 | . . . . . . . 30 30 Destroy Structure 39 | . 1 . . 16 . . 22 . Partial Spotted 15 | . . . . 15 . . . . Lose Combat Pursuer 195 | . . . . 135 . 30 15 15 Influence Decreases 876 | 15 78 . . 209 34 115 342 83 Entered New Map 11 | . . . . . 6 . . 5 Time Decay 491 | 15 78 . . 112 28 115 100 43 Lost Part 272 | . . . . 97 . . 140 35 Purge Threat 102 | . . . . . . . 102 . Squads Dispatched 9 | . 1 . . 3 . . 2 3 Investigation 4 | . . . . 1 . . 2 1 Extermination 2 | . . . . 1 . . . 1 Reinforcement 3 | . 1 . . 1 . . . 1 Assault . | . . . . . . . . . Garrison . | . . . . . . . . . Intercept . | . . . . . . . . . Searches Triggered . | . . . . . . . . . Construction Impeded . | . . . . . . . . . Haulers Reinforced . | . . . . . . . . . Active Scanning Responses . | . . . . . . . . . Cargo Convoy Interrupts . | . . . . . . . . . Stealth | -11 -10 -10 -7 -5 -5 -5 -4 -4 --------- Run | Yrd Mat Sub Scr Fac Upp Upp Fac Arm Distress Signals 2 | . 1 . . . . . . 1 Communications Jammed . | . . . . . . . . . Distress Signals . | . . . . . . . . . Times Spotted 78 | . 8 1 . 25 2 6 19 17 Peak Tracking Total 13 | . 3 1 . 12 1 4 8 13 Tactical Retreats 8 | . . . . 4 . 2 1 1 Traps | -11 -10 -10 -7 -5 -5 -5 -4 -4 ------- Run | Yrd Mat Sub Scr Fac Upp Upp Fac Arm Traps Triggered 1 | . . . . . . . . 1 Indirectly . | . . . . . . . . . Trap Hack Attempts 16 | . . . . . . . . 16 Triggered . | . . . . . . . . . Disarmed . | . . . . . . . . . Reprogrammed 2 | . . . . . . . . 2 Reused . | . . . . . . . . . Traps Extracted . | . . . . . . . . . Installed 1 | . . . . . 1 . . . Triggered . | . . . . . . . . . Machines | -11 -10 -10 -7 -5 -5 -5 -4 -4 ---------- Run | Yrd Mat Sub Scr Fac Upp Upp Fac Arm Machines Disabled 5 | . . . . . . 1 2 2 Max in Single Turn 2 | . . . . . . 1 2 1 Machines Repaired . | . . . . . . . . . Machines Dismantled . | . . . . . . . . . Machines Sabotaged . | . . . . . . . . . Overloaded Fab Kills . | . . . . . . . . . Hacking | -11 -10 -10 -7 -5 -5 -5 -4 -4 --------- Run | Yrd Mat Sub Scr Fac Upp Upp Fac Arm Machines Accessed 21 | . 2 1 3 3 1 . 6 5 Terminals 11 | . 2 . . 1 1 . 4 3 Fabricators . | . . . . . . . . . Repair Stations 1 | . . . . . . . . 1 Recycling Units 4 | . . . . 1 . . 2 1 Scanalyzers . | . . . . . . . . . Garrison Access 1 | . . . . 1 . . . . Total Hacks 53 | . 9 4 8 4 1 . 17 10 Successful 34 | . 6 4 8 1 1 . 10 4 Failed 19 | . 3 . . 3 . . 7 6 Catastrophic 3 | . . . . 1 . . 2 . Database Lockouts . | . . . . . . . . . Manual 33 | . 9 . . 3 . 1 15 5 Terminals 31 | . 9 . . 2 1 . 12 7 Fabricators . | . . . . . . . . . Repair Stations 2 | . . . . . . . . 2 Recycling Units 7 | . . . . 1 . . 5 1 Scanalyzers . | . . . . . . . . . Garrison Access 1 | . . . . 1 . . . . Terminal Hacks 16 | . . 4 8 . 1 . 3 . Record 13 | . . 4 7 . 1 . 1 . Unreport Threat 1 | . . . . . . . 1 . Zone Layout 1 | . . . . . . . 1 . Proto ID Catalog 1 | . . . 1 . . . . . Fabricator Hacks . | . . . . . . . . . Repair Station Hacks . | . . . . . . . . . Recycling Unit Hacks . | . . . . . . . . . Scanalyzer . | . . . . . . . . . Garrison Access Hacks . | . . . . . . . . . Unauthorized Hacks 18 | . 6 . . 1 . . 7 4 Terminals 14 | . 6 . . . . . 5 3 Track 1 | . 1 . . . . . . . Assimilate 1 | . 1 . . . . . . . Botnet 2 | . 1 . . . . . 1 . Operators 1 | . 1 . . . . . . . Skim 9 | . 2 . . . . . 4 3 Fabricators . | . . . . . . . . . Repair Stations . | . . . . . . . . . Recycling Units 4 | . . . . 1 . . 2 1 Fedlink 4 | . . . . 1 . . 2 1 Scanalyzers . | . . . . . . . . . Garrison Access . | . . . . . . . . . Data Cores Recovered 1 | . . . . . . . . 1 Used 1 | . . . . . . . . 1 Hacking Detections 13 | . 2 . . 2 . . 5 4 Full Trace Events . | . . . . . . . . . Feedback Events . | . . . . . . . . . Feedback Blocked . | . . . . . . . . . Robot Schematics Acquired . | . . . . . . . . . Robots Built . | . . . . . . . . . Authchips . | . . . . . . . . . Time . | . . . . . . . . . Total Robot Build Rating . | . . . . . . . . . Part Schematics Acquired . | . . . . . . . . . Parts Built . | . . . . . . . . . Authchips . | . . . . . . . . . Time . | . . . . . . . . . Total Part Build Rating . | . . . . . . . . . Part Studies Acquired . | . . . . . . . . . Parts Repaired . | . . . . . . . . . Time . | . . . . . . . . . Parts Recycled . | . . . . . . . . . Recycled Matter . | . . . . . . . . . Retrieved Matter . | . . . . . . . . . Retrieved Components . | . . . . . . . . . Parts Scanalyzed . | . . . . . . . . . Part Schematics Acquired . | . . . . . . . . . Parts Damaged . | . . . . . . . . . Bothacking | -11 -10 -10 -7 -5 -5 -5 -4 -4 ------------ Run | Yrd Mat Sub Scr Fac Upp Upp Fac Arm Used RIF Installer . | . . . . . . . . . Robots Hacked 2 | . . . . . . . . 2 Non-combat . | . . . . . . . . . Combat 1 | . . . . . . . . 1 Robot Hacks Applied 1 | . . . . . . . . 1 parse_system 1 | . . . . . . . . 1 Manual 1 | . . . . . . . . 1 Relay Couplers Released . | . . . . . . . . . Fabnet Peak Effective % . | . . . . . . . . . Robots Rewired . | . . . . . . . . . Allies Hacked . | . . . . . . . . . Hacks Repelled . | . . . . . . . . . Allies | -11 -10 -10 -7 -5 -5 -5 -4 -4 -------- Run | Yrd Mat Sub Scr Fac Upp Upp Fac Arm Total Allies . | . . . . . . . . . Largest Group . | . . . . . . . . . Highest-Rated Group . | . . . . . . . . . Highest-Rated Ally . | . . . . . . . . . Initial UFD Resources 65 | . . . . 37 47 47 51 65 Total Orders . | . . . . . . . . . Ally Attacks . | . . . . . . . . . Total Damage . | . . . . . . . . . Kills . | . . . . . . . . . Allies Corrupted . | . . . . . . . . . Allies Melted . | . . . . . . . . . Intel | -11 -10 -10 -7 -5 -5 -5 -4 -4 ------- Run | Yrd Mat Sub Scr Fac Upp Upp Fac Arm Active Infowar (turns) 3472 | 15 237 268 1425 352 303 289 369 214 Optics 3322 | . 102 268 1425 352 303 289 369 214 Terrain 296 | 15 135 . . 146 . . . . Machine Analysis 1099 | . . . . 327 303 289 180 . Cloaking 345 | . . . . 14 303 28 . . Robot Analysis Total . | . . . . . . . . . Derelict Logs Recovered 4 | . . 1 2 . 1 . . . Drone Launches . | . . . . . . . . . Drone Recoveries . | . . . . . . . . . Exploration | -11 -10 -10 -7 -5 -5 -5 -4 -4 ------------- Run | Yrd Mat Sub Scr Fac Upp Upp Fac Arm Turns Passed 3544 | 87 237 268 1425 352 303 289 369 214 Spaces Moved 3803 | 30 138 181 1648 442 377 153 497 337 Core 227 | . . . 4 29 181 5 7 1 Treads . | . . . . . . . . . Legs 185 | 23 . . . 14 . 132 16 . Wheels 1286 | 7 138 181 947 13 . . . . Hover 334 | . . . . . 196 16 122 . Flight 1771 | . . . 697 386 . . 352 336 Fastest Speed 26 | 80 80 80 45 29 50 50 26 26 Average Speed 67 | 111 80 81 82 39 65 121 39 29 Slowest Speed 550 | 120 80 95 550 120 120 190 200 50 Overloaded Moves . | . . . . . . . . . Propulsion Burnouts . | . . . . . . . . . Robots Hopped 5 | . . . . 1 . . 2 2 Potential Cave-ins . | . . . . . . . . . Cave-ins Triggered . | . . . . . . . . . Exploration Rate (%) 30 | 3 32 17 89 16 66 13 14 22 Regions Visited 8 Branch Regions 5 Pre-discovered Areas 1 | . . . . . . . 1 . Known Exits Taken . | . . . . . . . . . Unknown Exits Taken 8 | 1 1 1 1 1 1 1 1 . Scrap Searched 15 | . . 4 8 . 3 . . . Spaces Dug 9 | . . . . 9 . . . . Terrain Destroyed 20 | . . . . 9 . . 11 . Melee 9 | . . . . 9 . . . . Projectile . | . . . . . . . . . AOE 11 | . . . . . . . 11 . Terrain Rammed . | . . . . . . . . . Walls Destroyed . | . . . . . . . . . Machines Disabled . | . . . . . . . . . Actions | -11 -10 -10 -7 -5 -5 -5 -4 -4 --------- Run | Yrd Mat Sub Scr Fac Upp Upp Fac Arm Total 4575 | 53 247 294 1728 590 419 201 608 435 Wait 408 | . 96 102 . 87 26 7 33 57 Move 3785 | 29 137 180 1647 439 376 152 492 333 Hop 5 | . . . . 1 . . 2 2 Pick Up 42 | 2 . 2 29 6 1 2 . . Fast Attach 72 | 3 1 1 10 10 5 7 26 9 Attach 24 | . . . 6 9 2 1 3 3 Detach 17 | 2 1 . 5 3 . . 3 3 Swap 14 | . 1 1 6 4 . . 1 1 Drop 52 | 2 2 4 24 11 . 1 6 2 Fire 104 | 15 9 4 . 2 6 21 41 6 Melee 34 | . . . . 18 2 10 1 3 Ram . | . . . . . . . . . Kick . | . . . . . . . . . Crush . | . . . . . . . . . Escape Stasis . | . . . . . . . . . Rewire 1 | . . . 1 . . . . . Trap 17 | . . . . . 1 . . 16 Miscellaneous . | . . . . . . . . . Route ------- -11/Scrapyard -10/Materials (discovered 2 exits: [*Mat] / *Sub) -10/Subcaves (discovered 2 exits: Rec / *Scr) -7/Scraptown (discovered 2 exits: *Fac x2) -5/Factory (discovered 2 exits: *Upp x2) -5/Upper Caves -5/Upper Caves -4/Factory (discovered 2 exits: Res / *Arm) -4/Armory History --------- Turn | Location | Event 13 | -11/Scrapyard | Discovered new exit (range 2) 88 | -11/Scrapyard | Entered Materials 89 | -10/Materials | Met a group of wandering Federalists 243 | -10/Materials | Discovered new exit (range 18) 265 | -10/Materials | Discovered new exit (range 3) 316 | -10/Materials | Build established: Mutant 325 | -10/Materials | Entered Subcaves 326 | -10/Subcaves | Continued accompanying wandering Federalists (6) 364 | -10/Subcaves | Shifting Twisted Machinery released Sub. Machine Gun 365 | -10/Subcaves | Shifting Twisted Machinery released Sub. Laser 373 | -10/Subcaves | Identified exit to Recycling 467 | -10/Subcaves | Visited Clippyterm 470 | -10/Subcaves | Learned Research machine intel 470 | -10/Subcaves | Learned Factory stockpile data 549 | -10/Subcaves | Disturbed a concealed Subdweller 579 | -10/Subcaves | Wandering Federalist uncovered a shortcut to Scraptown 593 | -10/Subcaves | Entered Scraptown 810 | -7/Scraptown | Scanned Subdweller tech in exchange for log data 813 | -7/Scraptown | Learned Research terminal intel 814 | -7/Scraptown | Learned Factory terminal intel 828 | -7/Scraptown | Discovered new exit (range 5) 903 | -7/Scraptown | Visited Shadow of the Wyrm 909 | -7/Scraptown | Visited Cyclists 930 | -7/Scraptown | Visited CR-KLE's Repair Center 953 | -7/Scraptown | Visited Fellowship of the Rings 969 | -7/Scraptown | Visited Bundlers 1061 | -7/Scraptown | Visited Awakened 1261 | -7/Scraptown | Visited UFD Registry 1261 | -7/Scraptown | Registered with UFD as "Bladedome" 1276 | -7/Scraptown | Visited Junk Repository 1289 | -7/Scraptown | Build established: Derelict-Mutant 1290 | -7/Scraptown | Visited Science Guys 1308 | -7/Scraptown | Visited Abandonware Association 1313 | -7/Scraptown | Learned abandonware demo "POISON.EXE" 1313 | -7/Scraptown | Learned abandonware demo "SHUTEYE.EXE" 1402 | -7/Scraptown | Visited Junk Repository 1453 | -7/Scraptown | Visited Scrapoid Research Area 1479 | -7/Scraptown | Visited LU-1G1's Boring Crew 1552 | -7/Scraptown | Visited Curators Association 1598 | -7/Scraptown | Visited DA-N13 Charitable Foundation 1609 | -7/Scraptown | Found DCF Scrap (28 items) 1786 | -7/Scraptown | CR-KLE repaired 6 parts 1945 | -7/Scraptown | Met Optimus 1945 | -7/Scraptown | Accepted into 0bPrime 2012 | -7/Scraptown | Discovered new exit (range 5) 2018 | -7/Scraptown | Entered Factory 2018 | -5/Factory | Evolved 10 slots: Power x1, Propulsion x2, Utility x6, Weapon x1 2020 | -5/Factory | Loaded intel: 26 terminal locations 2124 | -5/Factory | Discovered new exit (range 12) 2232 | -5/Factory | Lost 6 parts (4n1u1w) 2338 | -5/Factory | Lost 4 parts (1p1n2u) 2349 | -5/Factory | Discovered new exit (range 14) 2366 | -5/Factory | Loaded intel: 8 recycling unit locations 2370 | -5/Factory | Entered Upper Caves 2383 | -5/Upper Caves | Lost 4 parts (2n2w) 2489 | -5/Upper Caves | Spotted B-75 Beast 2505 | -5/Upper Caves | Encountered a Warlord checkpoint 2545 | -5/Upper Caves | Attracted the attention of an 0b10 checkpoint 2580 | -5/Upper Caves | Learned location of 1 exit from Factory 2607 | -5/Upper Caves | Build established: Mutant 2628 | -5/Upper Caves | Discovered new exit (range 10) 2673 | -5/Upper Caves | Entered another Upper Caves area 2698 | -5/Upper Caves | Core integrity fell below 50% 2732 | -5/Upper Caves | Lost 7 parts (1p2n3u1w) 2768 | -5/Upper Caves | Acquired the password to a Derelict Tinkerer's latest research 2777 | -5/Upper Caves | Discovered new exit (range 11) 2937 | -5/Upper Caves | Found Prototype Special Weapon 2962 | -5/Upper Caves | Entered Factory 2962 | -4/Factory | Evolved 2 slots: Utility x1, Weapon x1 2963 | -4/Factory | Identified exit to Research 2963 | -4/Factory | Identified Molecular Deconstructor 3101 | -4/Factory | Core integrity fell below 50% 3173 | -4/Factory | Lost 15 parts (4p3n3u5w) 3212 | -4/Factory | Core integrity fell below 20% 3244 | -4/Factory | Lost 6 parts (1p2n1u2w) 3245 | -4/Factory | Loaded intel: 8 recycling unit locations 3245 | -4/Factory | Learned location of Protoforge (-2) 3287 | -4/Factory | Discovered new exit (range 15) 3331 | -4/Factory | Entered Armory 3373 | -4/Armory | Found Prototype Launcher 3373 | -4/Armory | Identified Tesla Bomb Launcher 3396 | -4/Armory | Loaded intel: 2 recycling unit locations 3509 | -4/Armory | Found Prototype Hackware 3509 | -4/Armory | Identified Exp. System Shield 3545 | -4/Armory | Destroyed by Y-64 Sentinel with Wave Gun Last Messages --------------- 03520_ Slug penetrates Wall. 03521_ Lgt. Nuclear Core destroyed. 03523_ Penetrated by Slug. 03525_ System corrupted: Matter fused (-6). 03535_ Jacked E-15 Imp... >>parse_system Reading system data... 03536_ VTOL Module blown off. 03536_ Autogun blown off. 03536_ VTOL Module blown off. 03536_ E-15 Imp destroyed. 03538_ Exp. System Shield destroyed. 03541_ Imp. Reaction Control System blown off. 03541_ Cld. Field Propulsion Drive blown off. 03541_ VTOL Module blown off. 03541_ Adv. Cryofiber Web blown off. 03541_ E-15 Imp destroyed. 03542_ Acquired Cld. Field Propulsion Drive. 03542_ Datajack destroyed. 03544_ Acquired Cesium-ion Thruster. Map ----- +----------------------------------------------------+ | ?????????????????????????????????????????????????? | | ?????????????????????????????????????????????????? | | ?????????????????????????????#################???? | | ?????????????????????????????# """ #???? | | ?????????????????????????????# # "Y" """ """ #???? | | ?????????????????????????????# " " """ """ ##### | | ?????????????????????????????# # """ """ # ! | | ?????????????????????????????### # | | ??????????????????????? ???????# # | | ????????????????????? #?????########+###+### | | ?????????????????????? ? # """ | | ?????????????????????? ? + """ | | ?????????????" ?????? """"" # """ | | ?????????????? "?""" """"" "" "" ## """ | | ??????????????" """""" """""" "F "" ## """ | | ??????????????" """" """" """"" ## | | ??????????????? ## | | ???????????????? ##+##+ | | ?????????????????# | | ?????????????????# g | | ?????????????????# ####### | | ?????????????????# ??????# | | ?????????????????# ???????# | | ?????????????????# ??????????# | | ?????????????????# ################# | | ?????????????????# m @#!=! """T""" #?# | | ?????????????????## %x """ #?# | | ??????????????????# Y# """ #?# | | ??????????????????# # """ !! #?# | | ??????????????????# # x !! #?####### | | ??????????????????# # !% =[=!#???????# | | ??????????????????# #### ######+###???????# | | ??????????????????# ##?######?#=#?????????# | | ??????????????????+ #??? #?#%#?????????# | | ??????????????????# #?"""" ###+########### | | ??????????????????# x#?"]]" / # | | ?????????????######+#### #?"]] """" """" # | | ?????????????# ## # "]] # """" """" # | | ?????????????# ## Y / """" # """" """" # | | ?????????????# ## # # """" """ # | | ?????????????# ## ###+#### *+ | | ?????????????# # ## #??# """ # | | ?????????????# # ## #??#""" """" # | | ?????????????# + ## #??#"R """" # | | ?????????????# # ## #??#""" """" # | | ?????????????# # ## #??#""" # | | ?????????????# ## ### #??# # | | ?????????????# ] ]/ ## #?# #??############## | | ?????????????# ]/ ]! ## #?# #?############??# | | ?????????????# [ =]! ## #?# #? #??# | +----------------------------------------------------+ Best States ------------- Heat Dissipation 62 Energy Generation 29 Energy Capacity 340 Matter Stores 300 Matter Capacity 300 Sight Range 18 Terrain Scan Range 16 Terrain Scan Density 510 Cloak Strength 2 Additional Mass Support 9 Base Temperature (-) 200 Core Shielding 20 Evasion (%) 74 Melee Accuracy 8 Offensive Hacking 10 Defensive Hacking 16 Item Schematics ----------------- None Robot Schematics ------------------ None Fabricated ------------ Nothing Repaired ---------- Nothing Studied --------- None Alien Tech Used ----------------- None Achievements -------------- None Challenges ------------ None Game ------ Seed CoilHeartStreamer Manual? 0 Play Time 01:00:56 Cumulative 171.1 hours Start 2026.04.03 @ 03:54:27 End 2026.04.03 @ 04:55:16 Sessions 1 Manual Loads 0 Difficulty Rogue Special Mode None Game No. 185 Rogue 183 Adventurer 2 Explorer 0 Win Type - Total 0 Types 0/0/0/0/0/0/0/0/0/0 Lore% 68 Gallery% 56 Achievement% 35 Wizard Run 0 Options --------- Layout 1 ASCII 0 Keyboard 1 Movement Numpad Keybinds 0 Fullscreen 1 Font 24/Smallcaps Map View 50x35 Zoom Use 0% Tactical HUD 1 Map Filters NONE Filters NONE Steam 1 RUN: aca7256b-9593-4d4d-8fd9-c11a7e9234fb